 Dungeon Crawl Stone Soup version 0.30-a0-778-g2ef04afb54 (webtiles) character file.

Game seed: 11377654327099916523

108251 Angani the Impaler (level 15, -16/140 HPs)
             Began as a Grey Draconian Necromancer on Feb 16, 2023.
             Was the Champion of Jiyva.
             Demolished by Mlioglotl (21 damage)
             ... on level 3 of the Lair of Beasts.
             The game lasted 00:59:23 (19347 turns).

Angani the Impaler (Grey Draconian Necromancer)    Turns: 19347, Time: 00:59:24

Health: -16/140    AC: 19    Str: 16    XL:     15   Next: 65%
Magic:  28/28      EV: 20    Int: 20    God:    Jiyva [******]
Gold:   193        SH:  0    Dex: 17    Spells: 0/32 levels left

rFire   + + .      SeeInvis +    P - +10 bardiche of the Indestructible God {flame, +Blink}
rCold   + + +      Faith    .    (shield currently unavailable)
rNeg    . . .      Spirit   .    (body armour unavailable)
rPois   +          Reflect  .    y - +1 hat
rElec   +          Harm     .    K - scarf {rC+ rF+}
rCorr   +          Rampage  .    w - +0 pair of gloves
Will    +....      NoTele   +    H - +0 pair of boots
Stlth   ++++++                   b - amulet "Deen Qoa" {RegenMP -Tele rElec rC++ Regen+}
HPRegen 2.83/turn                N - ring of see invisible
MPRegen 1.11/turn                Y - ring "Furph" {rElec Dex+6}

@: death channelling, afraid, calling ooze, unable to drink
A: AC +14, amphibious, unfitting armour, cold-blooded, horns 2, fire resistance
1, sense surroundings 3, poison resistance, robust 1, strong 1, gelatinous body
2, translucent skin 3, jelly sensing items, inability to drink after injury 1
}: 1/15 runes: slimy
a: Renounce Religion, Evoke Blink, Oozemancy, Slimify


You were on level 3 of the Lair of Beasts.
You worshipped Jiyva.
Jiyva was exalted by your worship.
You visited 5 branches of the dungeon, and saw 28 of its levels.
You also visited: Sewer and Bailey.

You collected 1274 gold pieces.
You spent 1081 gold pieces at shops.

Inventory:

Hand Weapons
 c - the +7 falchion of Past Mistakes {protect, Fragile rElec Will+}
   (You found it on level 8 of the Dungeon)

   rElec:     It insulates you from electricity.
   Fragile:   It will be destroyed if unequipped.
   Will:      It increases your willpower.
 l - a +1 whip of pain
 P - the +10 bardiche of the Indestructible God (weapon) {flame, +Blink}
   (You found it on level 5 of the Pits of Slime)

   +Blink:    It lets you blink.
 Q - the +11 sling of Chance {speed, Str+2}
   (You found it on level 5 of the Pits of Slime)

   Str:       It affects your strength (+2).
 Z - the +7 lajatang of Order {silver, rMut}
   (You found it on level 13 of the Dungeon)

   rMut:      It protects you from mutation.
Missiles
 z - 3 throwing nets
 J - 6 curare-tipped darts
Armour
 w - a +0 pair of gloves (worn)
 y - a +1 hat (worn)
 H - a +0 pair of boots (worn)
 K - a scarf of resistance (worn)
 L - a +2 cloak
 S - a +0 kite shield
Magical Staves
 s - a staff of conjuration
Jewellery
 b - the amulet "Deen Qoa" (around neck) {RegenMP -Tele rElec rC++ Regen+}
   (You acquired it on level 2 of the Dungeon)

   [amulet of magic regeneration]

   It increases your rate of magic regeneration.
   rC:        It greatly protects you from cold.
   rElec:     It insulates you from electricity.
   -Tele:     It prevents most forms of teleportation.
   Regen:     It increases your rate of health regeneration.
 n - a ring of poison resistance
 F - a ring of protection from fire
 N - a ring of see invisible (left hand)
 V - a ring of wizardry
 Y - the ring "Furph" (right hand) {rElec Dex+6}
   (You found it on level 13 of the Dungeon)

   [ring of dexterity]

   Dex:       It affects your dexterity (+6).
   rElec:     It insulates you from electricity.
Wands
 A - a wand of flame (35)
 D - a wand of charming (6)
 M - a wand of polymorph (4)
 W - a wand of mindburst (6)
Scrolls
 d - 5 scrolls of enchant armour
 g - 8 scrolls of teleportation
 k - a scroll of enchant weapon
 o - 2 scrolls of fog
 p - a scroll of poison
 q - 2 scrolls of silence
 B - 2 scrolls of amnesia
 O - 2 scrolls of vulnerability
 U - a scroll of torment
Potions
 a - 2 potions of magic
 e - 6 potions of attraction
 f - 4 potions of curing
 h - 2 potions of cancellation
 i - 4 potions of resistance
 j - 2 potions of ambrosia
 r - 2 potions of berserk rage {unknown}
 t - 5 potions of heal wounds
 u - 4 potions of brilliance {unknown}
 v - 3 potions of mutation {unknown}
 x - a potion of invisibility {unknown}
 C - 2 potions of experience {unknown}
 E - 2 potions of flight
 G - a potion of lignification
 I - 2 potions of might {unknown}


   Skills:
 - Level 10.5 Fighting
 - Level 18.0 Polearms
 - Level 10.1 Dodging
 - Level 10.0 Stealth
 - Level 9.3 Spellcasting
 + Level 10.9 Necromancy
 + Level 1.6 Ice Magic


You couldn't memorise any spells.
You knew the following spells:

 Your Spells              Type           Power      Damage    Failure   Level
a - Necrotise             Necr           100%       1d9       1%          1
b - Cigotuvi's Dreadful   Necr/Pois/Air  46%        N/A       2%          2
c - Vampiric Draining     Necr           52%        2d9       1%          3
d - Animate Dead          Necr           52%        N/A       1%          4
e - Dispel Undead         Necr           52%        3d19      1%          4
f - Agony                 Necr           52%        N/A       2%          5
g - Death Channel         Necr           26%        N/A       13%         6
h - Apportation           Tloc           18%        N/A       8%          1
i - Simulacrum            Ice/Necr       17%        N/A       65%         6

Your spell library contained the following spells:

 Spells                   Type           Power      Damage    Failure   Level
 Summon Small Mammal      Summ           36%        N/A       8%          1
 Ensorcelled Hibernation  Hex/Ice        24%        N/A       9%          2
 Passwall                 Tmut/Erth      7%         N/A       11%         2
 Hailstorm                Conj/Ice       12%        3d5       16%         3
 Call Canine Familiar     Summ           9%         N/A       22%         3
 Gell's Gravitas          Tloc           9%         N/A       22%         3
 Summon Guardian Golem    Hex/Summ       9%         N/A       22%         3
 Swiftness                Air            9%         N/A       22%         3
 Teleport Other           Tloc           9%         N/A       22%         3
 Ice Form                 Ice/Tmut       12%        N/A       47%         4
 Summon Ice Beast         Ice/Summ       12%        N/A       47%         4
 Airstrike                Air            4%         2d(1-17)  58%         4
 Passage of Golubria      Tloc           9%         N/A       58%         4
 Summon Lightning Spire   Summ/Air       9%         N/A       58%         4
 Alistair's Intoxication  Tmut/Pois      6%         N/A       90%         5
 Lightning Bolt           Conj/Air       4%         1d16      90%         5
 Silence                  Hex/Air        4%         N/A       90%         5
 Summon Mana Viper        Hex/Summ       9%         N/A       90%         5
 Dispersal                Tloc           4%         N/A       100%        6
 Monstrous Menagerie      Summ           4%         N/A       100%        7
 Lehudib's Crystal Spear  Conj/Erth      4%         10d3      100%        8


Dungeon Overview and Level Annotations

Branches:
Dungeon (15/15)            Temple (0/1) D:7            Lair (5/5) D:8
 Shoals (0/4) Lair:3       Spider (1/4) Lair:3        Slime (5/5) Lair:5
    Orc (2/2) D:10            Elf (0/3) Orc:2        Vaults (0/5) D:13
 Depths (0/4) D:15          Sewer (visited)          Bailey (visited)

Altars:
Ru
Uskayaw
Vehumet
The Shining One
Jiyva

Shops:
D:3 ?[(   D:9 =   Orc:2 [*(:

Annotations:
Lair:3 Mlioglotl
Slime:5 Royal Jelly


Innate Abilities, Weirdness & Mutations

Your dull iron-grey scales are very hard. (AC +14)
You are amphibious.
You cannot fit into any form of body armour.
You are cold-blooded and may be slowed by cold attacks.
You have a pair of horns on your head.
Your flesh is heat resistant. (rF+)
You passively map a large area around you.
Your system is resistant to poisons. (rPois)
You are robust. (+10% HP)
Your muscles are strong. (Str +4, Int/Dex -1)
Your pliable body absorbs attacks. (AC +2, EV +2)
Your transparent skin significantly reduces your foes' accuracy. (Stealth+)
You have a small jelly attached to you that senses nearby items.
You occasionally lose the ability to drink potions when taking damage.


Message History

A glowing mist starts to gather...
Unknown command.
You hit Mlioglotl. You burn Mlioglotl.
Mlioglotl is lightly wounded.
You feel extremely sick.
The walls burn Mlioglotl!
Mlioglotl closely misses you.
Mlioglotl tramples you but does no damage.
The walls burn the spectral sun moth!
The walls burn your spectral redback!
Unknown command.
You barely miss Mlioglotl. Your headbutt misses Mlioglotl.
Mlioglotl is moderately wounded.
You feel very sick.
The walls burn Mlioglotl!
Mlioglotl hits you but does no damage. Mlioglotl closely misses you.
The walls burn the spectral redback!
The spectral redback closely misses you.
The walls burn the spectral sun moth!
The walls burn Mlioglotl!
Mlioglotl closely misses you. Mlioglotl tramples you.
* * * LOW HITPOINT WARNING * * *
You hold your ground!
The walls burn the spectral redback!
The spectral redback bites you but does no damage.
Unknown command.
You attempt to attack Mlioglotl, but flinch away in fear!
You feel very sick.
The walls burn the spectral sun moth!
The walls burn Mlioglotl!
Mlioglotl hits you!!
* * * LOW HITPOINT WARNING * * *
Mlioglotl completely misses you.
The walls burn the spectral redback!
The spectral redback completely misses you.
The walls burn the spectral sun moth!
Unknown command.
You feel better.
The walls burn the spectral redback!
The spectral redback bites you.
* * * LOW HITPOINT WARNING * * *
The walls burn Mlioglotl!
Mlioglotl closely misses you. Mlioglotl tramples you!!
* * * LOW HITPOINT WARNING * * *
You hold your ground!
The walls burn the spectral sun moth!
The walls burn Mlioglotl!
Mlioglotl hits you!!
You feel threatened and lose the ability to drink potions!
You die...

.#.##......#.###.#..#...........P
..J....#.....##...†###..........P
...........#.#Z.^^.#............#
>.....<.....#.##.#^#.#...........
..###......#^##.^.#.#......##.#..
.....#.P......#..^.##...........#
...........#^#^^Z.^.^..........§#
...........#^###X###^#....#......
.....#.......#.†@#.#^#..........P
.....#......#.##Z##..#....#......
............^^..^#..#.....#...#..
.....P........^.#.^.......##.#...
.#P.#.........^.#^...............
................................#
.....##.......####P.....##J#.....
.....###.....P# ####...........#
.....##......## #P............


You could see Mlioglotl (strong, scary), a spectral redback and a spectral sun
moth.

Vanquished Creatures
  Rupert (D:15)
  Gastronok (D:9)
  The ghost of XanderDroid the Brawler, a journeyman TrFi of Wu Jian (D:13)
  An orc warlord (Orc:2)
  A dire elephant (D:15)
  An entropy weaver (Lair:3)
  Erolcha (D:13)
  6 hydras
  7 centaur warriors
  2 dancing weapons (D:13)
  A merfolk avatar (Lair:5)
  2 catoblepae
  4 boulder beetles
  5 death yaks
  4 two-headed ogres
  3 orc high priests (Orc:2)
  Sonja (Lair:2)
  5 skeletal warriors (D:13)
  A sun moth (Lair:3)
  Pikel (D:8)
  A wizard (D:14)
  4 deep elf pyromancers
  3 orc knights (Orc:2)
  4 ugly things
  4 cyclopes
  A salamander (shapeshifter) (D:15)
  2 wolf spiders
  A salamander (D:15)
  3 orc sorcerers
  4 manticores
  3 elephants (Lair:5)
  A merfolk siren (Lair:3)
  A demonic crawler (Lair:3)
  2 black mambas
  A black mamba (shapeshifter) (D:15)
  A water nymph (shapeshifter) (D:9)
  2 gargoyles (D:12)
  13 cane toads
  An unseen horror (D:13)
  An efreet (D:14)
  2 rime drakes (Lair:5)
  A kobold demonologist (D:14)
  6 komodo dragons
  2 polar bears
  A merfolk (Lair:3)
  2 wind drakes (Lair:5)
  3 tarantellas (Lair:3)
  7 trolls
  3 hornets
  7 dream sheep (Lair:5)
  A raiju (shapeshifter) (D:15)
  23 blink frogs
  4 jumping spiders
  2 wyverns
  A culicivora (Lair:3)
  40 yaks
  2 water elementals (D:14)
  2 shadows (D:10)
  A wraith (D:13)
  2 basilisks (Lair:1)
  5 redbacks
  3 steam dragons
  A redback simulacrum (D:14)
  4 vampire mosquitoes (D:11)
  3 neqoxecs (D:13)
  A warg (Orc:1)
  An acid dragon (D:10)
  27 orc warriors
  9 water moccasins
  A black bear (D:6)
  2 sky beasts
  9 ogres
  18 centaurs
  2 phantoms
  2 kobold brigands
  14 bullfrogs
  2 necrophages
  2 gnoll sergeants
  2 wights (D:8)
  3 troll zombies (D:10)
  14 killer bees (D:9)
  2 howler monkeys
  2 vampire bats (Lair:1)
  A quasit (D:13)
  4 jellies (Sewer)
  12 orc priests
  2 hounds
  Crazy Yiuf (D:3)
  An iguana (D:5)
  14 orc wizards
  5 hell rats
  5 ogre zombies (D:10)
  9 gnolls
  7 adders
  3 ufetubi
  3 worms
  A dart slug (D:4)
  52 orcs
  9 endoplasms
  10 giant cockroaches
  13 hobgoblins
  A jackal (D:2)
  12 kobolds
  3 quokkas
  11 ball pythons
  9 bats
  5 frilled lizards
  8 goblins
  2 goblin skeletons (D:10)
  2 hobgoblin skeletons (D:10)
  2 hobgoblin zombies (D:10)
  4 orc skeletons (D:10)
  14 orc zombies (D:10)
  9 rats
  A starspawn tentacle (Spider:1)
578 creatures vanquished.

Vanquished Creatures (collateral kills)
  A catoblepas (Lair:5)
  An ogre mage (Orc:2)
  An orc high priest (Orc:2)
  2 manticores
  An orc sorcerer (Orc:2)
  4 elephants (Lair:5)
  A merfolk siren (Lair:3)
  A demonic crawler (Lair:3)
  2 cane toads
  A rime drake (Lair:5)
  A komodo dragon (Lair:5)
  A tarantella (Spider:1)
  A snapping turtle (Lair:5)
  6 dream sheep (Lair:3)
  8 blink frogs
  A culicivora (Lair:3)
  31 yaks
  A steam dragon (D:8)
  A redback (Spider:1)
  A water moccasin (Lair:5)
  7 orc warriors
  An ogre (Orc:2)
  A centaur (Bailey)
  A kobold brigand (D:9)
  3 wights (D:8)
  5 killer bees (D:9)
  A howler monkey (D:9)
  5 orc priests
  5 orc wizards
  3 hell rats
  A white imp (D:5)
  27 orcs
  A hobgoblin (D:8)
  6 kobolds (D:9)
134 creatures vanquished.

Vanquished Creatures (others)
  A death yak (Lair:5)
  A wizard (D:14)
  A black mamba (Lair:5)
  A merfolk (Lair:3)
  A tarantella (Spider:1)
  3 slime creatures (D:14)
  A wyvern (Lair:5)
  An acid dragon (D:9)
  A cane toad zombie (Lair:3)
  A water moccasin (Lair:3)
  An ice beast (D:6)
  4 dream sheep zombies (Lair:3)
  2 blink frog zombies (Lair:4)
  A wolf (D:8)
  A kobold brigand (D:6)
  A komodo dragon zombie (Lair:5)
  2 bullfrogs
  A scorpion (D:5)
  17 yak zombies
  2 howler monkeys (D:8)
  A quasit (D:13)
  80 jellies
  An iguana (D:5)
  2 hell rats (Lair:2)
  2 ogre zombies (Orc:2)
  An adder (D:6)
  A howler monkey simulacrum (D:8)
  2 ufetubi
  3 orcs
  An endoplasm (Lair:5)
  A goblin (D:4)
  A goblin zombie (D:10)
  9 kobolds
  19 orc zombies
  72 fungi
  158 plants
  A starspawn tentacle (Lair:3)
399 creatures vanquished.

Grand Total: 1111 creatures vanquished

Notes
Turn   | Place    | Note
-------+----------+-------------------------------------------
     0 | D:1      | Angani the Draconian Necromancer began the quest for the
                  | Orb.
     0 | D:1      | Reached XP level 1. HP: 14/14 MP: 3/3
   515 | D:1      | Reached XP level 2. HP: 20/20 MP: 3/5
  1436 | D:2      | Reached XP level 3. HP: 26/26 MP: 4/7
  1612 | D:2      | Learned a level 2 spell: Cigotuvi's Dreadful Rot
  1616 | D:2      | Learned a level 3 spell: Vampiric Draining
  2005 | D:2      | Reached XP level 4. HP: 33/33 MP: 1/8
  2195 | D:2      | Identified a scroll of acquirement
  2200 | D:2      | Acquired the amulet "Deen Qoa" {RegenMP -Tele rElec rC++
                  | Regen+}
  2212 | D:3      | Found a sacrificial altar of Ru.
  2360 | D:3      | Found a runed translucent door.
  2361 | D:3      | Noticed Crazy Yiuf
  2373 | D:3      | Killed Crazy Yiuf
  2374 | D:3      | Reached skill level 5 in Necromancy
  2643 | D:3      | Found Zeqi Jod's Weapon Shop.
  2659 | D:3      | Found Caelezuc's Antique Armour Emporium.
  2660 | D:3      | Found Lalalat's Magic Scroll Boutique.
  3150 | D:4      | Reached XP level 5. HP: 24/38 MP: 8/10
  3298 | D:4      | Found a glowing drain.
  3314 | Sewer    | Entered a sewer
  3468 | Sewer    | Reached XP level 6. HP: 45/45 MP: 10/12
  3484 | Sewer    | Found a viscous altar of Jiyva.
  3548 | Sewer    | Became a worshipper of Jiyva Jusmaim the Shapeless
  4035 | D:4      | Learned a level 4 spell: Animate Dead
  4040 | D:4      | Learned a level 4 spell: Dispel Undead
  4041 | D:5      | Entered Level 5 of the Dungeon
  4091 | D:5      | Reached * piety under Jiyva
  4127 | D:5      | Reached skill level 5 in Spellcasting
  4330 | D:5      | Your scales start taking on a dull iron-grey colour.
  4330 | D:5      | Reached XP level 7. HP: 50/50 MP: 12/14
  4355 | D:5      | Noticed a hornet
  4365 | D:5      | Paralysed by a hornet for 1 turns
  4367 | D:5      | Killed a hornet
  4407 | D:6      | Reached skill level 1 in Fighting
  4523 | D:6      | Reached XP level 8. HP: 62/62 MP: 16/16
  4581 | D:6      | Reached ** piety under Jiyva
  4834 | D:6      | Found a hide-covered altar of Uskayaw.
  5210 | D:7      | Noticed a two-headed ogre
  5250 | D:7      | Killed a two-headed ogre
  5251 | D:7      | Reached skill level 5 in Dodging
  5251 | D:7      | Reached XP level 9. HP: 28/75 MP: 15/17
  5535 | D:7      | Found a staircase to the Ecumenical Temple.
  5703 | D:8      | Reached *** piety under Jiyva
  5703 | D:8      | Found a staircase to the Lair.
  5748 | D:8      | Noticed a death yak
  5768 | D:8      | Killed a death yak
  5863 | D:8      | Noticed Pikel
  5874 | D:8      | Noticed a two-headed ogre
  5884 | D:8      | Killed Pikel
  6008 | D:8      | Reached XP level 10. HP: 79/79 MP: 10/18
  6094 | D:8      | Found a flagged portal.
  6103 | Bailey   | Entered a bailey
  6362 | Bailey   | Reached skill level 10 in Fighting
  6818 | D:8      | Identified the +7 falchion of Past Mistakes {protect,
                  | Fragile rElec Will+}
  7059 | D:9      | Found Ziff's Jewellery Emporium.
  7063 | D:9      | Bought a ring of poison resistance for 240 gold pieces
  7102 | Lair:1   | Entered Level 1 of the Lair of Beasts
  7146 | Lair:1   | Gained mutation: Your tail ends in a venomous barb.
                  | [Jiyva's grace]
  7146 | Lair:1   | Gained mutation: Your tail ends in a sharp venomous barb.
                  | [Jiyva's grace]
  7146 | Lair:1   | Gained mutation: Your tail ends in a wickedly sharp and
                  | venomous barb. [Jiyva's grace]
  7146 | Lair:1   | Gained mutation: Your muscles are strong. (Str +4, Int/Dex
                  | -1) [Jiyva's grace]
  7245 | Lair:1   | Noticed a black mamba
  7259 | Lair:1   | Killed a black mamba
  7446 | Lair:1   | Reached **** piety under Jiyva
  7506 | Lair:1   | Reached XP level 11. HP: 95/101 MP: 17/19
  7515 | Lair:1   | Reached skill level 10 in Dodging
  7651 | Lair:1   | Reached skill level 5 in Stealth
  8487 | Lair:2   | Reached skill level 10 in Stealth
  8668 | Lair:2   | Noticed a five-headed hydra
  8684 | Lair:2   | Killed a five-headed hydra
  8685 | Lair:2   | Reached XP level 12. HP: 41/107 MP: 10/21
  8864 | Lair:2   | Reached ***** piety under Jiyva
  8906 | Lair:2   | Noticed Sonja
  8921 | Lair:2   | Killed Sonja
  9093 | Lair:2   | Lost mutation: Your tail ends in a wickedly sharp and
                  | venomous barb. [Jiyva's grace]
  9093 | Lair:2   | Lost mutation: Your tail ends in a sharp venomous barb.
                  | [Jiyva's grace]
  9093 | Lair:2   | Gained mutation: Your muscles are very strong. (Str +8,
                  | Int/Dex -2) [Jiyva's grace]
  9093 | Lair:2   | Gained mutation: You have a small jelly attached to you
                  | that may absorb projectiles. [Jiyva's grace]
  9093 | Lair:2   | Gained mutation: You are covered in slimy tendrils that may
                  | disarm your opponents. [Jiyva's grace]
  9093 | Lair:2   | Gained mutation: You have a small jelly attached to you
                  | that senses nearby items. [Jiyva's grace]
  9285 | Lair:3   | Noticed a five-headed hydra
  9438 | Lair:3   | Noticed a catoblepas
  9475 | Lair:3   | Killed a catoblepas
  9519 | Lair:3   | Killed a five-headed hydra
  9783 | Lair:3   | Found a hole to the Spider Nest.
 10118 | Lair:3   | Reached skill level 10 in Necromancy
 10144 | Lair:3   | Found a staircase to the Shoals.
 10245 | Lair:3   | Learned a level 5 spell: Agony
 10252 | Lair:3   | Learned a level 6 spell: Death Channel
 10451 | Lair:4   | Reached ****** piety under Jiyva
 10682 | Lair:4   | Lost mutation: You are covered in slimy tendrils that may
                  | disarm your opponents. [Jiyva's grace]
 10682 | Lair:4   | Gained mutation: Your rubbery body absorbs attacks. (AC +1,
                  | EV +1) [Jiyva's grace]
 10682 | Lair:4   | Gained mutation: Your pliable body absorbs attacks. (AC +2,
                  | EV +2) [Jiyva's grace]
 10682 | Lair:4   | Gained mutation: Your gelatinous body deflects attacks. (AC
                  | +3, EV +3) [Jiyva's grace]
 10682 | Lair:4   | Gained mutation: Your flesh is heat resistant. (rF+)
                  | [Jiyva's grace]
 11038 | Lair:5   | Entered Level 5 of the Lair of Beasts
 11091 | Lair:5   | Found a staircase to the Slime Pits.
 11110 | Lair:5   | Noticed a death yak
 11119 | Slime:1  | Entered Level 1 of the Pits of Slime
 11125 | Slime:1  | Noticed an azure jelly
 11132 | Slime:2  | Noticed an acid blob
 11150 | Slime:5  | Entered Level 5 of the Pits of Slime
 11150 | Slime:5  | Noticed an acid blob
 11156 | Slime:5  | Noticed an azure jelly
 11157 | Slime:5  | Noticed an acid blob
 11164 | Slime:5  | Noticed a rockslime
 11169 | Slime:5  | Found a viscous altar of Jiyva.
 11169 | Slime:5  | Noticed a quicksilver ooze
 11170 | Slime:5  | Noticed a great orb of eyes
 11170 | Slime:5  | Noticed an acid blob
 11170 | Slime:5  | Noticed the Royal Jelly
 11171 | Slime:5  | Noticed an acid blob
 11171 | Slime:5  | Noticed a quicksilver ooze
 11171 | Slime:5  | Noticed an acid blob
 11172 | Slime:5  | Noticed an acid blob
 11175 | Slime:5  | Noticed an azure jelly
 11175 | Slime:5  | Noticed an acid blob
 11180 | Slime:5  | Got a slimy rune of Zot
 11181 | Slime:5  | Noticed a rockslime
 11190 | Slime:5  | Identified the +10 bardiche of the Indestructible God
                  | {flame, +Blink}
 11196 | Slime:5  | Found the dreamshard necklace {*Dream Drain}
 11200 | Slime:5  | Identified the +1 troll leather armour of Ziqer {Fly Regen+
                  | rCorr Int+5 Slay-5}
 11202 | Slime:5  | Identified the +0 leather armour of the Howling Gods {rF+
                  | Str+3}
 11203 | Slime:5  | Identified the +11 sling of Chance {speed, Str+2}
 11328 | Lair:5   | Noticed a death yak
 11330 | Lair:5   | Noticed a death yak
 11330 | Lair:5   | Noticed a death yak
 11331 | Lair:5   | Noticed a death yak
 11375 | Lair:5   | Reached skill level 1 in Polearms
 11375 | Lair:5   | Reached XP level 13. HP: 114/114 MP: 26/26
 11377 | Lair:5   | Reached skill level 2 in Polearms
 11379 | Lair:5   | Reached skill level 3 in Polearms
 11381 | Lair:5   | Reached skill level 4 in Polearms
 11383 | Lair:5   | Reached skill level 5 in Polearms
 11472 | Lair:5   | Reached skill level 6 in Polearms
 11502 | Lair:5   | Reached skill level 7 in Polearms
 11513 | Lair:5   | Reached skill level 8 in Polearms
 11541 | Lair:5   | Reached skill level 9 in Polearms
 11598 | Lair:5   | Reached skill level 10 in Polearms
 11768 | Lair:5   | Gained mutation: Your body has grown eyes which may confuse
                  | attackers. (Acc +3) [Jiyva's grace]
 11768 | Lair:5   | Gained mutation: Your body has grown many eyes which may
                  | confuse attackers. (Acc +5) [Jiyva's grace]
 11768 | Lair:5   | Gained mutation: Your body is covered in eyes which may
                  | confuse attackers. (Acc +7, SInv) [Jiyva's grace]
 11768 | Lair:5   | Gained mutation: You are partially covered in large bone
                  | plates. (SH +4) [Jiyva's grace]
 11944 | Lair:5   | Reached skill level 11 in Polearms
 12283 | D:9      | Reached XP level 14. HP: 122/122 MP: 27/27
 12406 | D:9      | Noticed Gastronok
 12426 | D:9      | Killed Gastronok
 12864 | D:9      | Found a glowing golden altar of the Shining One.
 13111 | D:10     | Entered Level 10 of the Dungeon
 13270 | D:10     | Reached skill level 12 in Polearms
 13374 | D:10     | Found a staircase to the Orcish Mines.
 13430 | D:10     | Lost mutation: You are partially covered in large bone
                  | plates. (SH +4) [Jiyva's grace]
 13430 | D:10     | Lost mutation: Your body is covered in eyes which may
                  | confuse attackers. (Acc +7, SInv) [Jiyva's grace]
 13430 | D:10     | Lost mutation: You have a small jelly attached to you that
                  | senses nearby items. [Jiyva's grace]
 13430 | D:10     | Gained mutation: Your mind is acute. (Int +4, Str/Dex -1)
                  | [Jiyva's grace]
 13430 | D:10     | Gained mutation: Your mind is very acute. (Int +8, Str/Dex
                  | -2) [Jiyva's grace]
 13430 | D:10     | Gained mutation: You have a pair of small horns on your
                  | head. [Jiyva's grace]
 13430 | D:10     | Gained mutation: You have a pair of horns on your head.
                  | [Jiyva's grace]
 14540 | D:12     | Reached skill level 13 in Polearms
 14607 | D:12     | Lost mutation: Your body has grown many eyes which may
                  | confuse attackers. (Acc +5) [Jiyva's grace]
 14607 | D:12     | Lost mutation: Your body has grown eyes which may confuse
                  | attackers. (Acc +3) [Jiyva's grace]
 14607 | D:12     | Lost mutation: Your gelatinous body deflects attacks. (AC
                  | +3, EV +3) [Jiyva's grace]
 14607 | D:12     | Lost mutation: You have a small jelly attached to you that
                  | may absorb projectiles. [Jiyva's grace]
 14607 | D:12     | Gained mutation: You are robust. (+10% HP) [Jiyva's grace]
 14607 | D:12     | Gained mutation: You are very robust. (+20% HP) [Jiyva's
                  | grace]
 14607 | D:12     | Gained mutation: You are extremely robust. (+30% HP)
                  | [Jiyva's grace]
 14607 | D:12     | Gained mutation: Your system is resistant to poisons.
                  | (rPois) [Jiyva's grace]
 14995 | D:13     | Found a transporter.
 15004 | D:13     | Found a transporter.
 15007 | D:13     | Found the +7 lajatang of Order {silver, rMut}
 15008 | D:13     | Noticed XanderDroid's ghost (journeyman TrFi)
 15027 | D:13     | Gained mutation: You are clumsy. (Dex -2) [a neqoxec]
 15033 | D:13     | Killed XanderDroid's ghost
 15062 | D:13     | Lost mutation: You are extremely robust. (+30% HP) [a
                  | neqoxec]
 15063 | D:13     | Gained mutation: You occasionally lose the ability to drink
                  | potions when taking damage. [a neqoxec]
 15066 | D:13     | Gained mutation: You have hidden genetic defects. [a
                  | neqoxec]
 15075 | D:13     | Got the ring "Furph" {rElec Dex+6}
 15233 | D:13     | Reached skill level 14 in Polearms
 15371 | D:13     | Found a gate to the Vaults.
 15446 | D:13     | Noticed Erolcha
 15458 | D:13     | Killed Erolcha
 15462 | D:13     | Noticed Snorg
 15476 | D:13     | Slimified Snorg
 15476 | D:13     | Snorg changed into Snorg the slime creature
 15476 | D:13     | Noticed Snorg
 15935 | D:14     | Gained mutation: You have terrible hidden genetic defects.
                  | [hidden defects]
 15961 | D:14     | Reached skill level 15 in Polearms
 16130 | D:14     | Lost mutation: Your tail ends in a venomous barb. [Jiyva's
                  | grace]
 16130 | D:14     | Lost mutation: Your mind is very acute. (Int +8, Str/Dex
                  | -2) [Jiyva's grace]
 16130 | D:14     | Lost mutation: Your muscles are very strong. (Str +8,
                  | Int/Dex -2) [Jiyva's grace]
 16130 | D:14     | Lost mutation: You have terrible hidden genetic defects.
                  | [Jiyva's grace]
 16130 | D:14     | Lost mutation: You have hidden genetic defects. [Jiyva's
                  | grace]
 16130 | D:14     | Gained mutation: Your gelatinous body deflects attacks. (AC
                  | +3, EV +3) [Jiyva's grace]
 16130 | D:14     | Gained mutation: You have a small jelly attached to you
                  | that senses nearby items. [Jiyva's grace]
 16130 | D:14     | Gained mutation: Your translucent skin slightly reduces
                  | your foes' accuracy. (Stealth+) [Jiyva's grace]
 16130 | D:14     | Gained mutation: Your translucent skin reduces your foes'
                  | accuracy. (Stealth+) [Jiyva's grace]
 16770 | D:15     | Entered Level 15 of the Dungeon
 16878 | D:15     | Reached XP level 15. HP: 153/153 MP: 28/28
 16894 | D:15     | Found a staircase to the Depths.
 16919 | D:15     | Reached skill level 16 in Polearms
 17085 | D:15     | Found a radiant altar of Vehumet.
 17138 | D:15     | Noticed Rupert
 17156 | D:15     | Killed Rupert
 17334 | D:15     | Lost mutation: Your mind is acute. (Int +4, Str/Dex -1)
                  | [Jiyva's grace]
 17334 | D:15     | Lost mutation: You are clumsy. (Dex -2) [Jiyva's grace]
 17334 | D:15     | Lost mutation: You are very robust. (+20% HP) [Jiyva's
                  | grace]
 17334 | D:15     | Lost mutation: Your gelatinous body deflects attacks. (AC
                  | +3, EV +3) [Jiyva's grace]
 17334 | D:15     | Gained mutation: You passively map a small area around you.
                  | [Jiyva's grace]
 17334 | D:15     | Gained mutation: You passively map the area around you.
                  | [Jiyva's grace]
 17334 | D:15     | Gained mutation: You passively map a large area around you.
                  | [Jiyva's grace]
 17334 | D:15     | Gained mutation: Your transparent skin significantly
                  | reduces your foes' accuracy. (Stealth+) [Jiyva's grace]
 17741 | Orc:1    | Entered Level 1 of the Orcish Mines
 17952 | Orc:2    | Entered Level 2 of the Orcish Mines
 18100 | Orc:2    | Found a staircase to the Elven Halls.
 18259 | Orc:2    | Reached skill level 17 in Polearms
 18580 | Orc:2    | Found Adoefiuh's Antique Armour Boutique.
 18581 | Orc:2    | Found Gyem's Antique Weapon Boutique.
 18582 | Orc:2    | Found Opousyt's General Store.
 18582 | Orc:2    | Found Ahaufreg's Book Shop.
 18600 | Orc:2    | Bought a potion of heal wounds for 70 gold pieces
 18600 | Orc:2    | Bought a scroll of teleportation for 42 gold pieces
 18600 | Orc:2    | Bought a scroll of enchant armour for 105 gold pieces
 18601 | Orc:2    | Bought a book of the Tundra for 416 gold pieces
 18601 | Orc:2    | Bought a book of Party Tricks for 208 gold pieces
 18603 | Orc:2    | Learned a level 1 spell: Apportation
 18610 | Orc:2    | Learned a level 6 spell: Simulacrum
 19222 | Spider:1 | Entered Level 1 of the Spider Nest
 19234 | Lair:3   | HP: 6/140 [poisoned by a redback]
 19287 | Lair:3   | Reached skill level 18 in Polearms
 19313 | Spider:1 | Reached skill level 1 in Ice Magic
 19318 | Spider:1 | Noticed Mlioglotl
 19333 | Spider:1 | Noticed a tentacled starspawn
 19347 | Lair:3   | HP: 5/140 [Mlioglotl (22)]
 19347 | Lair:3   | Demolished by Mlioglotl

Illustrated notes

Levels and vault maps discovered:
D:1:      wheals_arrival_linesprint, layout_basic
D:2:      minmay_chambers_of_ones, layout_basic, minmay_ruptured
D:3:      cheibrodos_greedy_goblins, layout_basic, mainiacjoe_overflow_alcove_1,
          serial_shops, shop, nicolae_shop_advertising_works
          [nicolae_subvault_shop_adworks], shop, uniq_crazy_yiuf_cottage
D:4:      layout_loops_cross, gup_sewer_entry_bubbles
D:5:      layout_gridville
D:6:      layout_loops_ring, kennysheep_mini
D:7:      layout_rooms, minmay_temple_entry_antechambers
D:8:      layout_basic, lair_entry_dummy, enter_bailey_4, serial_ice,
          serial_ice_m, serial_ice_o, serial_ice_h, serial_ice_n, uniq_pikel
D:9:      layout_cross, nicolae_tso_carved_into_rock, serial_shops, shop,
          grunt_decor_mini_mirrors, nicolae_hexahallways, uniq_gastronok
D:10:     layout_stronghold, zombieorc2_lemuel, st_stairs_13,
          nicolae_concentric_dashed_squares_mild
D:11:     layout_rooms, hangedman_decor_opposing
D:12:     layout_long_grid
D:13:     layout_gridville, erik_vaults_1, gammafunk_ghost_stat_death,
          minivault_1, uniq_snorg, uniq_erolcha
D:14:     layout_stronghold, minmay_crystal_room, serial_bayou_lagoon_a
D:15:     hangedman_depths_entry_try_elsewhere_first, layout_long_grid,
          lemuel_tele_altar, serial_glass, glass_columns_b, glass_columns_c,
          item_on_display_a, kennysheep_flooded_box, uniq_rupert
Lair:1:   layout_loops_ring, chequers_serial_rivers_room_a, roderic_batcave,
          ldierk_geyser
Lair:2:   layout_regular_city, grunt_megastairs_3, uniq_sonja
Lair:3:   layout_chaotic_city, elwin_shoals_entry_stream,
          spider_nest_entry_rubble
Lair:4:   layout_loops_ring
Lair:5:   gammafunk_lair_ancient_temple, layout_gridlike,
          minmay_slime_entry_jelly_boxes, serial_bayou_ford_a
Spider:1: layout_spider_delve, uniq_mlioglotl
Slime:1:  layout_caves
Slime:2:  layout_caves
Slime:3:  layout_caves
Slime:4:  layout_caves
Slime:5
Orc:1:    layout_caves
Orc:2:    st_orc_congregation, layout_diamond_mine, rock_pile

Skill      XL: |  1  2  3  4  5  6  7  8  9 10 11 12 13 14 15 |
---------------+----------------------------------------------+-----
Spellcasting   | 3 4 5 6 9 |  9.3
Necromancy     | 5 6 7 10 | 10.9
Fighting       | 2 6 9 10 | 10.5
Dodging        | 3 5 7 9 10 | 10.1
Stealth        | 4 10 | 10.0
Polearms       | 1 11 15 18 | 18.0
Ice Magic      | 1 |  1.6

Action                     |  1- 3 |  4- 6 |  7- 9 | 10-12 | 13-15 || total
---------------------------+-------+-------+-------+-------+-------++-------
  Melee: Whip              |     6 |   160 |   169 |   534 |       ||   869
         Tailslap          |       |    14 |    19 |    85 |    83 ||   201
         Punch             |       |       |     4 |     8 |       ||    12
         Bardiche          |       |       |       |     2 |   762 ||   764
         Headbutt          |       |       |       |       |    63 ||    63
   Cast: Necrotise         |    57 |    78 |    96 |   344 |     2 ||   577
         Cigotuvi's Dreadf |       |     1 |     6 |     4 |       ||    11
         Animate Dead      |       |     1 |     3 |     3 |     5 ||    12
         Dispel Undead     |       |       |     4 |       |       ||     4
         Vampiric Draining |       |       |     2 |    88 |       ||    90
         Agony             |       |       |       |     2 |       ||     2
         Death Channel     |       |       |       |       |    17 ||    17
 Invoke: Oozemancy         |       |       |     1 |     1 |     3 ||     5
         Slimify           |       |       |       |       |     2 ||     2
  Evoke: Wand              |       |       |     8 |     1 |       ||     9
    Use: Scroll            |       |    12 |     5 |     3 |     5 ||    25
         Potion            |       |       |     2 |       |     4 ||     6
   Stab: Distracted        |       |       |     1 |     2 |     9 ||    12
         Sleeping          |       |       |       |     5 |    22 ||    27
         Confused          |       |       |       |       |    12 ||    12
 Armour: Skin              |     4 |    60 |   128 |   317 |   310 ||   819
  Dodge: Dodged            |     4 |   135 |   169 |   721 |   955 ||  1984
  Block: Other             |       |       |       |       |    28 ||    28

Table legend: (Time is in decaauts)
 A = Elapsed time spent in this place.
 B = Non-inter-level travel time spent in this place.
 C = Inter-level travel time spent in this place.
 D = Time resting spent in this place.
 E = Time spent auto-exploring this place.
 F = Levels seen in this place.
 G = Mean time per level.
                   A        B        C        D        E       F      G
               +--------+--------+--------+--------+--------+-----+--------+
         Total |  19658 |  18517 |   1141 |    635 |  12008 |  30 |  655.3 |
       Dungeon |  12067 |  11273 |    794 |    179 |   8507 |  15 |  804.5 |
          Lair |   5149 |   4920 |    229 |    254 |   2806 |   5 | 1029.8 |
   Spider Nest |     55 |     55 |      0 |      0 |      1 |   1 |   55.0 |
    Slime Pits |    199 |    138 |     61 |      0 |      0 |   5 |   39.8 |
  Orcish Mines |   1362 |   1307 |     55 |     87 |    655 |   2 |  681.0 |
         Sewer |    279 |    279 |      0 |     15 |     16 |   1 |  279.0 |
        Bailey |    544 |    544 |      0 |    100 |     23 |   1 |  544.0 |
               +--------+--------+--------+--------+--------+-----+--------+

Top non-repeatable levels by time:
  Lair:2: 1293 daAuts
     D:1: 1215 daAuts
  Lair:3: 1057 daAuts
    D:13: 1056 daAuts
  Lair:1: 1040 daAuts
     D:2: 992 daAuts
   Orc:2: 972 daAuts
  Lair:5: 969 daAuts
     D:9: 922 daAuts
    D:14: 921 daAuts
     D:8: 916 daAuts
    D:15: 832 daAuts
     D:3: 829 daAuts
     D:4: 792 daAuts
  Lair:4: 789 daAuts
